 Dungeon Crawl Stone Soup version 0.16-b1 (webtiles) character file.

429 McCoppin the Covert (level 7, -1/50 HPs)
             Began as a Formicid Assassin on Mar 11, 2015.
             Was an Initiate of Jiyva.
             Slain by a killer bee (6 damage)
             ... on level 6 of the Dungeon.
             The game lasted 00:10:26 (746 turns).

McCoppin the Covert (Formicid Assassin)              Turns: 746, Time: 00:10:56

Health: -1/50      AC:  3    Str: 18    XL:     7   Next: 19%
Magic:  9/9        EV: 11    Int: 10    God:    Jiyva [......]
Gold:   16         SH:  0    Dex: 12    Spells: 0 memorised, 6 levels left

rFire  . . .     SeeInvis +     b - +0 blowgun
rCold  . . .     Clarity  .     c - +0 robe
rNeg   . . .     SustAb   .     (no shield)
rPois  .         Gourm    .     (helmet unavailable)
rElec  .         Spirit   .     d - +0 cloak
rCorr  .         Warding  .     (no gloves)
rMut   .         Stasis   +     (no boots)
MR     .....                    (no amulet)
Stlth  ++++......               (no ring)
                                k - ring of invisibility

@: lethally poisoned (-1 -> -8), not resistant to hostile enchantments, stealthy
A: permanent stasis, dig shafts and tunnels, four strong arms, antennae 3
a: Dig, Shaft Self, Renounce Religion, Evoke Invisibility


You were on level 6 of the Dungeon.
You worshipped Jiyva.
Jiyva was noncommittal.
You were not hungry.

You visited 2 branches of the dungeon, and saw 6 of its levels.

You collected 16 gold pieces.

Inventory:

Hand weapons
 a - a +2 dagger
 b - a +0 blowgun (weapon)
Missiles
 f - 2 curare-tipped needles (quivered)
Armour
 c - a +0 robe (worn)
 d - a +0 cloak (worn)
Jewellery
 k - a ring of invisibility (left hand)
Scrolls
 h - a scroll of identify {unknown}
 i - a scroll of recharging {unknown}
 j - a scroll of enchant armour {unknown}
 m - a scroll of remove curse {unknown}
Comestibles
 g - a bread ration


   Skills:
 - Level 2.1 Fighting
 - Level 2.0 Short Blades
 - Level 1.5 Throwing
 - Level 0.8 Dodging
 + Level 10.3 Stealth


You had 6 spell levels left.
You didn't know any spells.

Dungeon Overview and Level Annotations

Branches:
Dungeon (6/15)             Temple (1/1) D:5

Altars:
Elyvilon
Makhleb
Nemelex Xobeh
Okawaru
Ru
Vehumet
Yredelemnul
Zin
Jiyva


Innate Abilities, Weirdness & Mutations

You are under a permanent stasis effect.
You can dig through walls and to a lower floor.
Your four strong arms can wield two-handed weapons with a shield.
You have a pair of large antennae on your head (SInv).


Message History

Aim: a killer bee You shoot a poisoned needle.
The poisoned needle misses the killer bee.
You feel sick. The killer bee closely misses you. The killer bee stings you.
The killer bee closely misses you. The killer bee stings you!
* * * LOW HITPOINT WARNING * * *
You are lethally poisoned!
The killer bee poisons you!
You aren't carrying any potions.
Firing (i - inventory. (,) - cycle):
e - a poisoned needle (quivered)
Press: ? - help, Shift-Dir - straight line, f/p - killer bee
Aim: a killer bee You shoot a poisoned needle.
The poisoned needle closely misses the killer bee.
* * * LOW HITPOINT WARNING * * *
You feel sick. The killer bee completely misses you.
The killer bee barely misses you.
The killer bee stings you but does no damage.
The killer bee stings you.
You die...

#..# # ####..###
.##.#.......##
y.....(.......# ..
....>(.).<....###.....
......................
.##.....(.†..###...(.
#......y..........
#.#....y@.######.
#.#.##.#### ...)....
##..##.# #( #.# . #(#
... .. .


You could see 2 killer bees.

Vanquished Creatures
  2 sky beasts (D:5)
  An ogre (D:5)
  3 killer bees (D:6)
  An iguana (D:5)
  A worker ant (D:5)
  A giant gecko (D:5)
  A bat zombie (D:6)
  A hobgoblin (D:6)
  2 kobolds
13 creatures vanquished.

Notes
Turn   | Place    | Note
--------------------------------------------------------------
     0 | D:1      | McCoppin, the Formicid Assassin, began the quest for the Orb.
     0 | D:1      | Reached XP level 1. HP: 16/16 MP: 1/1
     3 | D:1      | You fall through a shaft!
     6 | D:2      | You fall through a shaft!
    17 | D:3      | Found a basalt altar of Yredelemnul.
    35 | D:3      | You fall through a shaft for 2 floors!
    35 | D:5      | Entered Level 5 of the Dungeon
    35 | D:5      | Found a staircase to the Ecumenical Temple.
    40 | Temple   | Entered the Ecumenical Temple
   234 | D:5      | Noticed an ogre
   246 | D:5      | Killed an ogre
   246 | D:5      | Reached skill level 7 in Stealth
   246 | D:5      | Reached XP level 2. HP: 22/22 MP: 3/3
   246 | D:5      | Reached XP level 3. HP: 27/27 MP: 4/4
   246 | D:5      | Reached XP level 4. HP: 33/33 MP: 5/5
   341 | D:5      | Noticed a sky beast
   361 | D:5      | Killed a sky beast
   361 | D:5      | Reached skill level 8 in Stealth
   361 | D:5      | Reached XP level 5. HP: 38/38 MP: 7/7
   401 | Temple   | Became a worshipper of Jiyva Juzy the Shapeless
   497 | D:5      | Noticed a worker ant
   497 | D:5      | Noticed an iguana
   500 | D:5      | Killed a worker ant
   521 | D:5      | Killed an iguana
   521 | D:5      | Reached XP level 6. HP: 44/44 MP: 8/8
   543 | D:5      | Found an iron altar of Okawaru.
   543 | D:5      | Noticed a sky beast
   600 | D:5      | Killed a sky beast
   600 | D:5      | Reached skill level 9 in Stealth
   670 | D:5      | Noticed a phantom
   742 | D:6      | Reached skill level 10 in Stealth
   742 | D:6      | Reached XP level 7. HP: 22/50 MP: 9/9
   746 | D:6      | Slain by a killer bee

Action                   |  1- 3 |  4- 6 |  7- 9 || total
-------------------------+-------+-------+-------++-------
Melee: Dagger            |     1 |    10 |       ||    11
 Fire: Blowgun           |     4 |    15 |     3 ||    22
 Abil: Shaft Self        |     3 |       |       ||     3
 Stab: Sleeping          |     1 |     4 |       ||     5
